[Event "Allsvenskan Div I 3 2023/2024: SS Manhem - SS Manhem II"]
[Site "Goteborgs schackcentrum, Vegagatan 20, Gothenburg, Sweden"]
[Date "2023.11.19"]
[Round "1.1"]
[White "Svensson, Lars"]
[Black "Welin, Mats"]
[Result "1/2-1/2"]
[TimeControl "90 minutes for 40 moves + 30 minutes for the rest of the game + 30 seconds per move from move one."]
[BlackTitle "FM"]
[WhiteFideId "1734466"]
[BlackFideId "1705180"]
[WhiteElo "2062"]
[BlackElo "2266"]

1. d4 Nf6 2. Nf3 e6 3. c4 d5 4. Nc3 c6 5. e3 Nbd7 6. Qc2 Bd6 7. b3 O-O 8. Bb2 e5 9. dxe5 Nxe5 10.
Nxe5 Bxe5 11. cxd5 cxd5 12. Be2 Be6 13. O-O Qc7 14. f4 Bd6 15. Qd3 a6 16. Bf3 d4 17. Ne2 dxe3 18. Rac1 Qe7 19.
Bxf6 gxf6 20. Qxe3 Rad8 21. Kh1 Rfe8 22. Qe4 Bc8 23. Qxe7 Bxe7 24. Rcd1 Bb4 25. Rd4 Rxd4 26. Nxd4 Bc5 27. Ne2 b6 28. Nc3 f5 29.
g3 Re3 30. Nd5 Rd3 31. b4 Bd6 32. Nxb6 Be6 33. Rd1 Rxd1+ 34. Bxd1 Bxa2 35. Be2 Bxb4 36. Bxa6 Bc5 37. Nc4 Kg7 38. Kg2 Kf6 39. Kf3 Bb1 40.
Bb7 Bc2 41. Bd5 Bd1+ 42. Kg2 Bb3 1/2-1/2

[Event "Allsvenskan Div I 3 2023/2024: SS Manhem - SS Manhem II"]
[Site "Goteborgs schackcentrum, Vegagatan 20, Gothenburg, Sweden"]
[Date "2023.11.19"]
[Round "1.2"]
[White "Fendrich, David"]
[Black "Bengtsson, Jessica"]
[Result "1-0"]
[TimeControl "90 minutes for 40 moves + 30 minutes for the rest of the game + 30 seconds per move from move one."]
[BlackTitle "WFM"]
[WhiteFideId "1705725"]
[BlackFideId "1711083"]
[WhiteElo "2169"]
[BlackElo "2046"]

1. c4 e6 2. g3 d5 3. Bg2 Nf6 4. Nf3 Be7 5. O-O c5 6. b3 Nc6 7. e3 d4 8. exd4 cxd4 9. d3 O-O 10.
a3 a5 11. Re1 Ne8 12. Ne5 Nxe5 13. Rxe5 f6 14. Re1 e5 15. Nd2 Nd6 16. Ne4 Ra7 17. Bd2 Bf5 18. Qe2 Kh8 19. f4 Nxe4 20.
Bxe4 Bxe4 21. Qxe4 Bd6 22. fxe5 fxe5 23. Rf1 b6 24. Rxf8+ Qxf8 25. Rf1 Rf7 26. Rxf7 Qxf7 27. Qa8+ Qf8 28.
Qxf8+ Bxf8 29. Kf2 Kg8 30. Kf3 Kf7 31. Ke4 Ke6 32. Bg5 b5 33. cxb5 Bxa3 34. Bd8 Bd6 35. Bxa5 Bb8 36. g4 Kd6 37.
Bb4+ Ke6 38. Bc5 g6 39. h4 h5 40. gxh5 gxh5 41. b6 Kd7 42. Bf8 Ke6 43. Bh6 Bd6 44. Bg5 Bc5 45. Bd8 Bd6 46.
Bc7 1-0

[Event "Allsvenskan Div I 3 2023/2024: SS Manhem - SS Manhem II"]
[Site "Goteborgs schackcentrum, Vegagatan 20, Gothenburg, Sweden"]
[Date "2023.11.19"]
[Round "1.3"]
[White "Abrahamsson, Patrik"]
[Black "Akesson, Joel"]
[Result "0-1"]
[TimeControl "90 minutes for 40 moves + 30 minutes for the rest of the game + 30 seconds per move from move one."]
[BlackTitle "FM"]
[WhiteFideId "1716484"]
[BlackFideId "1705040"]
[WhiteElo "1929"]
[BlackElo "2212"]

1. e4 e6 2. b3 d5 3. Bb2 dxe4 4. Nc3 Nf6 5. Qe2 Nc6 6. Nxe4 Be7 7. Nf3 O-O 8. d4 a5 9. a3 b6 10. c4 Bb7 11. Ned2 Nb8 12. h3 c5 13.
Qe3 Nc6 14. dxc5 Bxc5 15. Qc3 e5 16. Rd1 Qe7 17. Be2 Nd4 18. Nxd4 exd4 19. Qd3 Rfe8 20. Kf1 Qxe2+ 21. Qxe2 Bxg2+ 22. Kxg2 Rxe2 23. Rhe1 Rae8 24. Rxe2 Rxe2 25. Kf3 d3 26. Bxf6 Rxf2+ 27. Kg3 Rxf6 28. Ne4 Rg6+ 29. Kf3 Bxa3 30.
Rxd3 h6 31. Rd8+ Kh7 32. Rb8 f5 33. Nc3 Bd6 34. Rxb6 Rg3+ 35. Ke2 Rxc3 36. Rxd6 Rxb3 37. Ra6 Rxh3 38. Rxa5 Rc3 39. c5 Kg6 40.
Kd2 Rc4 41. Kd3 Rc1 42. Kd2 Rb1 43. Ra6+ Kg5 44. Rb6 Ra1 45. c6 Ra8 46. c7 Rc8 47. Rc6 f4 48. Ke2 Kf5 49. Kf3 Ke5 50.
Rc4 g5 51. Kg4 Kd6 52. Rc3 Rxc7 53. Rh3 Rh7 54. Kf5 Rh8 55. Kg6 g4 56. Rd3+ Ke5 57. Kg7 Ra8 58. Kxh6 g3 59. Kg5 g2 0-1

[Event "Allsvenskan Div I 3 2023/2024: SS Manhem - SS Manhem II"]
[Site "Goteborgs schackcentrum, Vegagatan 20, Gothenburg, Sweden"]
[Date "2023.11.19"]
[Round "1.4"]
[White "Troedsson, Anton"]
[Black "Bengtsson, Siv"]
[Result "1-0"]
[TimeControl "90 minutes for 40 moves + 30 minutes for the rest of the game + 30 seconds per move from move one."]
[WhiteFideId "1746006"]
[BlackFideId "1701673"]
[WhiteElo "2153"]
[BlackElo "1995"]

1. Nf3 Nf6 2. b3 e6 3. Bb2 d5 4. g3 c5 5. Bg2 Nc6 6. O-O Be7 7. d4 O-O 8. Nbd2 cxd4 9. Nxd4 Nxd4 10.
Bxd4 b6 11. c4 Bb7 12. Rc1 Rc8 13. e3 Ba6 14. Qe2 Nd7 15. Qg4 e5 16. Bb2 dxc4 17. Nxc4 f5 18. Bd5+ Kh8 19. Qh3 b5 20.
Rfd1 bxc4 21. Be6 cxb3 22. Rxc8 Bxc8 23. Bxf5 Rxf5 24. Qxf5 Qc7 25. axb3 Bf6 26. Qe6 Nf8 27. Qe8 Be7 28.
Rc1 Qd7 29. Qxc8 Qd6 30. Qc7 Kg8 31. Bxe5 Qa3 32. Ra1 Qc5 33. Ra2 Qd5 34. Rxa7 1-0

[Event "Allsvenskan Div I 3 2023/2024: SS Manhem - SS Manhem II"]
[Site "Goteborgs schackcentrum, Vegagatan 20, Gothenburg, Sweden"]
[Date "2023.11.19"]
[Round "1.5"]
[White "Lennerstad, Allan"]
[Black "Lindholm, Gustav"]
[Result "0-1"]
[TimeControl "90 minutes for 40 moves + 30 minutes for the rest of the game + 30 seconds per move from move one."]
[WhiteFideId "1723774"]
[BlackFideId "1736515"]
[WhiteElo "1923"]
[BlackElo "2102"]

1. d4 Nf6 2. c4 e6 3. g3 d5 4. Bg2 Bb4+ 5. Nd2 O-O 6. a3 Be7 7. Ngf3 c5 8. O-O a5 9. cxd5 Qxd5 10.
Qb3 Nc6 11. Qxd5 Nxd5 12. dxc5 Bxc5 13. Ne4 Be7 14. Bd2 b6 15. Rac1 Bb7 16. Nc3 Nxc3 17. Bxc3 Rac8 18. Ne5 Nxe5 19.
Bxb7 Rc7 20. Ba6 Nd7 21. Bd4 Nc5 22. Be5 Ra7 23. Bb5 f6 24. Bf4 Rd8 25. Rfd1 Rxd1+ 26. Rxd1 Kf7 27. Bc6 e5 28.
Be3 Rc7 29. Bd5+ Ke8 30. b4 axb4 31. axb4 Na4 32. b5 Bc5 33. Bc6+ Ke7 34. Bd2 Bd4 35. Rb1 Kd6 36. Rb3 f5 37.
Bb4+ Bc5 38. Rd3+ Ke7 39. Bd2 h6 40. e3 Nb2 41. Rc3 Ra7 42. Rxc5 bxc5 43. b6 Ra1+ 44. Kg2 Nc4 45. Bb4 Nxb6 46. Bxc5+ Ke6 47. Bxb6 Ra6 48.
e4 Rxb6 49. Bd5+ Kd6 50. Ba8 Rb8 51. Bd5 Rb4 52. Kf3 g5 53. h3 Kc5 54. h4 Kd4 55. Bc6 Rb3+ 56. Kg2 fxe4 0-1

[Event "Allsvenskan Div I 3 2023/2024: SS Manhem - SS Manhem II"]
[Site "Goteborgs schackcentrum, Vegagatan 20, Gothenburg, Sweden"]
[Date "2023.11.19"]
[Round "1.6"]
[White "Pettersson, Anders"]
[Black "Herrman, Jan"]
[Result "1-0"]
[TimeControl "90 minutes for 40 moves + 30 minutes for the rest of the game + 30 seconds per move from move one."]
[WhiteFideId "1715143"]
[BlackFideId "1731882"]
[WhiteElo "2040"]
[BlackElo "1875"]

1. d4 Nf6 2. c4 e6 3. Bg5 Be7 4. Nc3 d5 5. e3 O-O 6. Nf3 Nbd7 7. Qc2 h6 8. h4 c5 9. O-O-O Re8 10.
Bxf6 Nxf6 11. Ne5 cxd4 12. exd4 Qa5 13. g4 Bd6 14. g5 Bxe5 15. dxe5 Ng4 16. Qe2 d4 17. Rxd4 Nxe5 18. gxh6 g6 19.
h5 Nc6 20. Rg4 e5 21. hxg6 Bxg4 22. Qxg4 f5 23. Qxf5 Rf8 24. Qe6+ 1-0

[Event "Allsvenskan Div I 3 2023/2024: SS Manhem - SS Manhem II"]
[Site "Goteborgs schackcentrum, Vegagatan 20, Gothenburg, Sweden"]
[Date "2023.11.19"]
[Round "1.7"]
[White "Karlsson, Stefan"]
[Black "Outgajjouft, Said"]
[Result "1-0"]
[TimeControl "90 minutes for 40 moves + 30 minutes for the rest of the game + 30 seconds per move from move one."]
[WhiteFideId "1771183"]
[BlackFideId "1716174"]
[WhiteElo "1916"]
[BlackElo "2047"]

1. e4 Nf6 2. Nc3 d5 3. e5 Ne4 4. d4 Nxc3 5. bxc3 c5 6. Bb5+ Nc6 7. Ne2 Qb6 8. Rb1 a6 9. dxc5 Qa5 10.
Bxc6+ bxc6 11. Be3 e6 12. Qd4 Qxa2 13. Qb4 a5 14. Qb6 Bd7 15. Rb3 Qxc2 16. Nd4 Qd3 17. Nxc6 a4 18. Qb7 Rc8 19. Nb8 Rd8 20. c6 Bc8 21.
Qb5 Qxb5 22. Rxb5 d4 23. Bxd4 Rd5 24. Rxd5 exd5 25. Kd2 Kd8 26. Bb6+ Ke7 27. Ra1 Ke6 28. f4 a3 29. Ke3 g5 30. fxg5 Rg8 31. Kf4 h6 32.
Bd8 Bg7 33. Bf6 hxg5+ 34. Ke3 Bxf6 35. exf6 Kxf6 36. Rxa3 Be6 37. Na6 Ra8 1-0